 Dungeon Crawl Stone Soup version 0.18-a0-1089-gaeddbbb (webtiles) character file.

522 Kel the Covert (level 7, -2/32 HPs)
             Began as a Spriggan Enchanter on Dec 13, 2015.
             Slain by an orc
             ... wielding a +0 mace
              (5 damage)
             ... on level 5 of the Dungeon on Jan 15, 2016.
             The game lasted 00:18:08 (5054 turns).

Kel the Covert (Spriggan Enchanter)                 Turns: 5054, Time: 00:18:08

Health: -2/32      AC:  4    Str:  6    XL:     7   Next: 2%
Magic:  16/16      EV: 18    Int: 16    God:
Gold:   182        SH:  0    Dex: 17    Spells: 5 memorised, 5 levels left

rFire  . . .     SeeInvis +     e - +0 dagger (venom)
rCold  . . .     Gourm    .     b - +1 robe
rNeg   + . .     Faith    .     (shield restricted)
rPois  .         Spirit   .     (helmet restricted)
rElec  .         Dismiss  .     w - +0 cloak
rCorr  .         Reflect  .     (gloves unavailable)
SustAt .         Harm     .     (boots unavailable)
MR     +....                    r - amulet of rage
Stlth  ++++......               (no ring)
                                v - ring of positive energy

@: very quick, somewhat resistant to hostile enchantments, stealthy
A: unfitting armour, see invisible, herbivore 3, speed 3, slow metabolism 2
a: Evoke Berserk Rage


You were on level 5 of the Dungeon.
You were not hungry.

You visited 1 branch of the dungeon, and saw 5 of its levels.

You collected 182 gold pieces.

Inventory:

Hand Weapons
 e - a +0 dagger of venom (weapon)
Missiles
 n - 24 poisoned needles
Armour
 b - a +1 robe (worn)
 w - a +0 cloak (worn)
Jewellery
 r - an amulet of rage (around neck)
 v - a ring of positive energy (left hand)
Wands
 t - a wand of draining (12/15)
Scrolls
 a - 2 scrolls of teleportation
 f - a scroll of immolation {unknown}
 g - 5 scrolls of identify
 h - 4 scrolls of remove curse {unknown}
 i - a scroll of fog {unknown}
 k - 2 scrolls of noise {unknown}
 o - a scroll of amnesia {unknown}
 q - 4 scrolls of enchant armour {unknown}
 u - a scroll of recharging {unknown}
Books
 c - a book of Maledictions

   Spells                             Type                      Level
   a - Corona                         Hexes                        1
   b - Ensorcelled Hibernation        Hexes/Ice                    2
   c - Confuse                        Hexes                        3
   d - Tukima's Dance                 Hexes                        3
   e - Dazzling Spray                 Conjuration/Hexes            3
Comestibles
 d - a bread ration
 j - a slice of pizza
 s - 2 fruits


   Skills:
 - Level 1.1 Short Blades
 - Level 3.0 Dodging
 + Level 8.0 Stealth
 + Level 5.6 Spellcasting
 + Level 6.3 Hexes


You had 5 spell levels left.
You knew the following spells:

 Your Spells              Type           Power        Failure   Level  Hunger
a - Ensorcelled Hibernat  Hex/Ice        ##....       8%          2    #......
b - Corona                Hex            ###....      1%          1    None
c - Confuse               Hex            ###.....     3%          3    ##.....
d - Tukima's Dance        Hex            ###.....     3%          3    ##.....
s - Dazzling Spray        Conj/Hex       ##......     12%         3    ##.....


Dungeon Overview and Level Annotations

Branches:
Dungeon (5/15)
 Temple: D:4-7

Altars:
Ru


Innate Abilities, Weirdness & Mutations

You are tiny and cannot use many weapons and most armour.
You have supernaturally acute eyesight.
You are a herbivore.
You cover ground extremely quickly.
You need consume almost no food.


Message History

The orc hits you with a mace. The orc completely misses you.
The orc misses you. x2
The orc hits you with a mace. The orc barely misses you.
The orc closely misses you.
The orc hits you from afar with a trident.
The orc misses you. The orc hits you with a mace. The orc misses you. x2
The orc closely misses you. The orc hits you but does no damage.
The orc misses you. The orc completely misses you. The orc misses you.
The orc hits you with a mace of crushing.
* * * LOW HITPOINT WARNING * * *
x2 The orc hits you but does no damage.
The orc misses you.
The orc hits you from afar with a trident.
* * * LOW HITPOINT WARNING * * *
The orc misses you. The orc barely misses you. The orc closely misses you.
The orc completely misses you. The orc closely misses you.
The orc closely misses you. The orc hits you.
* * * LOW HITPOINT WARNING * * *
The orc closely misses you. The orc hits you with a mace.
You die...

#... ... #..#
###... #.....
#....##
##...o<###+##
#.....oo#≈≈≈#
#.....o@'≈≈≈+
#.####o.#≈≈≈#
#. #..###+##
. ...## ....#
##.. #.. #.


You could see 5 orcs.

Vanquished Creatures
  2 ogres (D:4)
  2 orc wizards
  2 worker ants (D:4)
  An iguana (D:4)
  Natasha (thrice) (D:2)
  A gnoll (D:1)
  6 adders
  2 oozes (D:1)
  2 worms (D:2)
  5 giant geckos
  14 orcs
  2 ball pythons
  5 giant cockroaches
  10 hobgoblins
  2 jackals (D:1)
  8 kobolds
  4 quokkas
  7 bats
  2 giant gecko skeletons (D:4)
  9 giant newts
  5 goblins
  10 rats
104 creatures vanquished.

Notes
Turn   | Place    | Note
--------------------------------------------------------------
     0 | D:1      | Kel the Spriggan Enchanter began the quest for the Orb.
     0 | D:1      | Reached XP level 1. HP: 9/9 MP: 5/5
   637 | D:1      | Reached XP level 2. HP: 13/13 MP: 4/6
   660 | D:1      | Learned a level 2 spell: Ensorcelled Hibernation
   730 | D:1      | Reached skill level 5 in Stealth
   776 | D:1      | Reached XP level 3. HP: 16/16 MP: 5/8
   806 | D:1      | Learned a level 3 spell: Confuse
  1736 | D:2      | Reached XP level 4. HP: 21/21 MP: 7/10
  1764 | D:2      | Learned a level 3 spell: Tukima's Dance
  1853 | D:2      | Found a sacrificial altar of Ru.
  1989 | D:2      | Noticed Natasha
  1996 | D:2      | Killed Natasha
  1996 | D:2      | Reached skill level 6 in Stealth
  2000 | D:2      | Reached skill level 5 in Hexes
  2233 | D:2      | Reached XP level 5. HP: 24/24 MP: 7/12
  2257 | D:2      | Learned a level 3 spell: Dazzling Spray
  2550 | D:2      | Noticed Natasha
  2560 | D:2      | Killed Natasha
  2636 | D:2      | Noticed Natasha
  2652 | D:2      | Killed Natasha
  3363 | D:3      | Upgraded the game from 0.18-a0-766-g8d3d474 to 0.18-a0-822-gb52b7b4
  4030 | D:4      | Noticed an ogre
  4037 | D:4      | Killed an ogre
  4037 | D:4      | Reached skill level 7 in Stealth
  4037 | D:4      | Reached XP level 6. HP: 28/28 MP: 12/14
  4042 | D:4      | Reached skill level 5 in Spellcasting
  4615 | D:4      | Reached skill level 8 in Stealth
  4615 | D:4      | Reached XP level 7. HP: 32/32 MP: 13/16
  5022 | D:3      | Upgraded the game from 0.18-a0-822-gb52b7b4 to 0.18-a0-1089-gaeddbbb
  5037 | D:5      | Entered Level 5 of the Dungeon
  5054 | D:5      | Slain by an orc

Vault maps used:
D:1:      dpeg_arrival_another_circle, hangedman_decor_clover_reticule,
          minmay_lizard_king
D:2:      serial_glass, glass_columns_b, glass_columns_a,
          nicolae_ru_the_path_less_chosen, uniq_natasha
D:3:      minmay_unequal
D:4:      yredelemnul_forgotten_temple_becter
D:5:      elyvilon_altar_3, nicolae_overflow_hidden_temple,
          minmay_temple_entry_enclosed_plants, first_bread, minmay_liquid_box,
          fedhas_bush_and_centaur_altar

Action                   |  1- 3 |  4- 6 |  7- 9 || total
-------------------------+-------+-------+-------++-------
Melee: Dagger            |   103 |   114 |    21 ||   238
 Cast: Corona            |     4 |       |       ||     4
       Ensorcelled Hiber |     5 |    31 |       ||    36
       Confuse           |       |       |     6 ||     6
  Use: Potion            |     1 |       |     3 ||     4
       Scroll            |       |     2 |       ||     2
 Stab: Sleeping          |    13 |    36 |       ||    49
       Distracted        |       |     1 |       ||     1
  Eat: Fruit             |       |     1 |       ||     1
       Bread ration      |       |       |     1 ||     1
